 Seeded DCSS version 0.28.0-45-g0d030f2227 (webtiles) character file.

Game seed: 14021428855244816699 (custom seed)

23 NinjaNoafa the Stinger (level 2, -1/17 (20) HPs)
             Began as a Draconian Venom Mage on Apr 19, 2022.
             Slain by a hobgoblin (4 damage)
             ... on level 1 of the Dungeon.
             The game lasted 00:01:39 (864 turns).

NinjaNoafa the Stinger (Draconian Venom Mage)        Turns: 864, Time: 00:01:40

HP:   -1/17 (20)    AC:  4    Str: 10    XL:     2   Next: 75%
MP:   1/5           EV: 12    Int: 15    God:
Gold: 33            SH:  0    Dex: 11    Spells: 4/5 levels left

rFire   . . .      SeeInvis .   b - +0 short sword
rCold   . . .      Faith    .   (no shield)
rNeg    . . .      Spirit   .   (armour unavailable)
rPois   .          Reflect  .   (helmet restricted)
rElec   .          Harm     .   (no cloak)
rCorr   .          Rampage  .   (no gloves)
Will    .....                   (no boots)
Stlth   ++........              (no amulet)
HPRegen 0.05/turn               (no ring)
MPRegen 0.09/turn               (no ring)

@: heavily drained
A: AC +4, unfitting armour, cold-blooded
a: no special abilities


You were on level 1 of the Dungeon.
You visited 1 branch of the dungeon, and saw 1 of its levels.

You collected 33 gold pieces.

Inventory:

Hand Weapons
 a - a +0 dagger
 b - a +0 short sword (weapon)
Missiles
 c - 3 stones
Scrolls
 d - a scroll of immolation
 e - a scroll of vulnerability {unknown}


   Skills:
 + Level 2.1 Dodging
 - Level 2.0 Stealth
 + Level 2.2 Spellcasting
 + Level 1.5 Transmutations
 + Level 3.3 Poison Magic


You had 4 spell levels left.
You knew the following spells:

 Your Spells              Type           Power      Damage    Failure   Level
a - Sting                 Tmut/Pois      32%        1d4       9%          1

Your spell library contained the following spells:

 Spells                   Type           Power      Damage    Failure   Level
 Poisonous Vapours        Pois/Air       12%        N/A       17%         2
 Mephitic Cloud           Conj/Pois/Air  5%         N/A       38%         3
 Olgreb's Toxic Radiance  Pois           11%        N/A       50%         4


Dungeon Overview and Level Annotations

Branches:
Dungeon (1/15)

Altars:


Innate Abilities, Weirdness & Mutations

Your plain brown scales are hard. (AC +4)
You cannot fit into any form of body armour.
You are cold-blooded and may be slowed by cold attacks.


Message History

The quokka is severely wounded.
The bat barely misses you. The kobold misses you.
The frilled lizard bites you but does no damage.
The bat hits you. The quokka bites you. The hobgoblin barely misses you.
The kobold hits you with a +2 dagger of draining.
You feel drained.
The frilled lizard bites you but does no damage.
The hobgoblin hits you.
* * * LOW HITPOINT WARNING * * *
The bat barely misses you.
The endoplasm jiggles.
You kill the kobold!
The bat hits you but does no damage.
The quokka bites you but does no damage.
The bat misses you. The bat closely misses you. The frilled lizard bites you.
* * * LOW HITPOINT WARNING * * *
The bat hits you but does no damage.
You hit the bat but do no damage.
The bat is severely wounded.
The bat hits you but does no damage. The bat closely misses you.
The frilled lizard closely misses you. The frilled lizard bites you.
* * * LOW HITPOINT WARNING * * *
The bat misses you. The bat closely misses you.
You aren't carrying any potions.
The bat closely misses you. The bat misses you.
As you read the scroll labelled QUARGHU VOIHOB, it crumbles to dust.
The creatures around you are filled with an inner flame!
It was a scroll of immolation.
The bat barely misses you.
Found 16 gold pieces.
The bat hits you but does no damage.
A quokka comes into view.
Casting: Sting (safe; 9% risk of failure)
Confirm with . or Enter, or press ? or * to list all spells.
Aiming: Sting (safe; 9% risk of failure)
Press: ? - help, Shift-Dir - straight line, f - bat
Aim: a bat (severely wounded, inner flame, 52% to hit)
The sting misses the bat.
The bat hits you but does no damage. The hobgoblin hits you.
You die...

#########
###.......# ..
#......@b.##....
#.#..###g.......
#.r..# #l###....
.# #.. #.##r# ..
..# ..# #.g.#
... #.##.J## .
..# #.....#
..####
#.##.....# .
......
#.......##.#
......


You could see 2 quokkas, a hobgoblin (inner flame), a bat (inner flame) and a
frilled lizard (inner flame).

Vanquished Creatures
  A dart slug (D:1)
  4 ball pythons (D:1)
  2 endoplasms (D:1)
  A giant cockroach (D:1)
  3 goblins (D:1)
  3 kobolds (D:1)
  2 quokkas (D:1)
  A frilled lizard (D:1)
  A rat (D:1)
18 creatures vanquished.

Notes
Turn   | Place    | Note
-------+----------+-------------------------------------------
     0 | D:1      | NinjaNoafa the Draconian Venom Mage began the quest for the
                  | Orb.
     0 | D:1      | Reached XP level 1. HP: 14/14 MP: 3/3
   345 | D:1      | Reached XP level 2. HP: 20/20 MP: 1/5
   864 | D:1      | Slain by a hobgoblin

Illustrated notes

Levels and vault maps discovered:
D:1:      kennysheep_arrival_seaside, layout_rooms, minmay_vboxes

Skill      XL: |  1  2 |
---------------+-------+-----
Stealth        | 2 |  2.0
Dodging        | 2 |  2.1
Spellcasting   | |  2.2
Transmutations | |  1.5
Poison Magic   | |  3.3

Action                   || total
-------------------------++-------
Melee: Unarmed           ||     6
       Dagger            ||     2
       Tailslap          ||     3
       Short sword       ||    20
 Cast: Sting             ||    26
  Use: Scroll            ||     1
Armor: Skin              ||    26
Dodge: Dodged            ||    59
